 Dungeon Crawl Stone Soup version 0.29.0-4-gdea44cf6ec (webtiles) character file.

Game seed: 18397257320798171395

902 qw the Shield-Bearer (level 8, 0/49 HPs)
             Began as a Gargoyle Fighter on Sept 8, 2022.
             Was an Initiate of Okawaru.
             Slain by a gnoll
             ... wielding a +0 spear
              (6 damage)
             ... on level 5 of the Dungeon.
             The game lasted 00:02:16 (5224 turns).

qw the Shield-Bearer (Gargoyle Fighter)             Turns: 5224, Time: 00:02:16

Health: 0/49       AC: 15    Str: 28    XL:     8   Next: 7%
Magic:  8/8        EV:  7    Int:  9    God:    Okawaru [......]
Gold:   3          SH:  9    Dex:  9    Spells: 7/7 levels left

rFire   . . .      SeeInvis .   Y - +1 war axe
rCold   . . .      Faith    .   j - +0 kite shield
rNeg    + . .      Spirit   .   h - +0 chain mail
rPois   inf        Reflect  .   f - +0 helmet
rElec   +          Harm     .   (no cloak)
rCorr   .          Rampage  .   (no gloves)
Will    .....                   (no boots)
Stlth   ..........              (no amulet)
HPRegen 0.16/turn               e - +6 ring of strength
MPRegen 0.11/turn               (no ring)

@: about to teleport
A: sickness immunity, AC +5, negative energy resistance 1, electricity
resistance, torment resistance 1, petrification resistance
a: Renounce Religion


You were on level 5 of the Dungeon.
You worshipped Okawaru.
Okawaru was noncommittal.
You visited 2 branches of the dungeon, and saw 6 of its levels.

You collected 263 gold pieces.
You spent 260 gold pieces at shops.


Innate Abilities, Weirdness & Mutations

You are immune to sickness and miasma.
Your stone body is resilient. (AC +5)
You are immune to poison.
You resist negative energy. (rN+)
You are resistant to electric shocks. (rElec)
You are resistant to unholy torment.
You are immune to petrification.


   Skills:
 - Level 5.3 Fighting
 + Level 6.0 Axes
 - Level 3.2 Armour
 - Level 1.0 Dodging
 - Level 6.1 Shields


You had 7 spell levels left.
You didn't know any spells.
Your spell library was empty.

Inventory:

Hand Weapons
 b - a +0 flail
 Y - a +1 war axe (weapon)
Armour
 f - a +0 helmet (worn)
 h - a +0 chain mail (worn)
 j - a +0 kite shield (worn)
Jewellery
 e - a +6 ring of strength (left hand)
Scrolls
 a - a scroll of identify
Potions
 c - 3 potions of haste
 d - 2 potions of might
 g - 2 potions of curing
 i - a potion of attraction

Dungeon Overview and Level Annotations

Branches:
Dungeon (5/15)             Temple (1/1) D:4

Altars:
Ashenzari
Cheibriados
Dithmenos
Elyvilon
Fedhas
Gozag
Hepliaklqana
Kikubaaqudgha
Nemelex Xobeh
Okawaru
Qazlal
Ru
Sif Muna
Trog
Uskayaw
Vehumet
Wu Jian
Yredelemnul
Zin
The Shining One

Shops:
D:4 *

Annotations:
D:4 2 runed translucent doors, qw's ghost, amateur MiBe
D:5 Pikel


Message History

A lemure comes into view.
The gnoll hits you with a +0 spear. The lemure hits you but does no damage.
The lemure shouts!
You slice the lemure!!
You kill the lemure!
That felt strangely unrewarding.
You closely miss the gnoll. You closely miss the lemure. You hit the lemure.
You block the lemure's attack. The gnoll hits you but does no damage.
The gnoll hits you from afar with a +0 spear.
The lemure hits you. You block the gnoll's attack.
The gnoll closely misses you. The lemure hits you.
Pikel says, "Hell isn't that bad."
Pikel hits you with a +2 whip of electrocution.
The lemure hits you but does no damage.
You closely miss the lemure.
The lemure is heavily wounded.
You hit Pikel. You slash the lemure! You hit the gnoll.
The gnoll barely misses you. The gnoll hits you but does no damage.
You block Pikel's attack.
The lemure hits you but does no damage. x2
You closely miss the lemure.
The lemure is heavily wounded.
You hit the gnoll. You slash Pikel! You slash the lemure! The lemure hits you!
The gnoll hits you but does no damage. x2
You block Pikel's attack. The lemure barely misses you.
You closely miss the lemure.
The lemure is severely wounded.
You hit the gnoll. You closely miss Pikel. You hit the lemure.
The lemure hits you but does no damage. You block the gnoll's attack.
The gnoll hits you from afar with a +0 spear.
You block the lemure's attack. Pikel barely misses you.
The gnoll hits you with a +0 spear.
The gnoll hits you from afar with a +0 spear.
You block the lemure's attack.
Pikel hits you with a +2 whip of electrocution!
The lemure hits you but does no damage.
5224 ||| READING scroll of teleportation.
As you read the scroll of teleportation, it crumbles to dust.
You feel strangely unstable. The gnoll hits you with a +0 spear.
You die...

. #... .... #... ......
#.... ..g..... #....#####
........ +.?......#
.......#
#.....).)###....... ...
#......))g.......... ....
#......(.@5g##.###..
....######.(.##K5..........
.........#...##.5..........
...........................
...............#...........
........<......###.........
...............# #........
........###.######....##...
...........................


You could see Pikel, 3 lemures and 2 gnolls.

Vanquished Creatures
  Grinder (D:4)
  Eustachio (D:4)
  An ice beast (D:3)
  A lemure (D:5)
  A scorpion (D:5)
  A gnoll bouda (D:5)
  A hound (D:4)
  An iguana (D:3)
  2 orc wizards
  Robin (D:4)
  7 gnolls (D:5)
  10 adders
  A worm (D:3)
  2 dart slugs
  8 orcs
  8 ball pythons
  12 endoplasms
  3 giant cockroaches
  13 goblins
  12 hobgoblins
  2 jackals (D:1)
  3 quokkas
  3 bats
  2 frilled lizards
  10 kobolds
  9 rats
116 creatures vanquished.

Notes
Turn   | Place    | Note
-------+----------+-------------------------------------------
     0 | D:1      | qw the Gargoyle Fighter began the quest for the Orb.
     0 | D:1      | Reached XP level 1. HP: 14/14 MP: 1/1
     0 | D:1      | 0 ||| qw: Version: 0.1-a-112-g44dc6cd
     0 | D:1      | 0 ||| qw: Game counter: 6648
     0 | D:1      | 0 ||| qw: Always use a shield: true
     0 | D:1      | 0 ||| qw: God list: Okawaru
     0 | D:1      | 0 ||| qw: Allow faded altars: false
     0 | D:1      | 0 ||| qw: Do Orc after D:15 true
     0 | D:1      | 0 ||| qw: Do second Lair branch before Depths: true
     0 | D:1      | 0 ||| qw: Lair rune preference: random
     0 | D:1      | 0 ||| qw: Plans: Normal, Zot, God:TSO, Crypt, Tomb, Zig,
                  | Orb
     0 | D:1      | 0 ||| PLANNING D:1-11
    20 | D:1      | 20 ||| Stepping ~*~*~tactically~*~*~ (stealth).
   133 | D:1      | 133 ||| Stepping ~*~*~tactically~*~*~ (hiding).
   144 | D:1      | Reached XP level 2. HP: 14/19 MP: 2/2
   380 | D:1      | 380 ||| Stepping ~*~*~tactically~*~*~ (stealth).
   574 | D:1      | Reached skill level 3 in Axes
   608 | D:1      | Found a faded altar of an unknown god.
   815 | D:1      | Reached XP level 3. HP: 23/23 MP: 3/3
   927 | D:1      | 927 ||| UPGRADING to +0 chain mail.
   937 | D:1      | 937 ||| DROPPING +0 scale mail.
   938 | D:1      | 938 ||| UPGRADING to +0 kite shield.
   948 | D:1      | 948 ||| DROPPING +0 buckler.
   949 | D:1      | 949 ||| READING 2 scrolls labelled SISOBY HOIF.
   950 | D:1      | 950 ||| READING scroll labelled SIQUME KEOSS.
   951 | D:1      | 951 ||| READING scroll labelled JIXEYJASEMM.
  1076 | D:2      | 1076 ||| Stepping ~*~*~tactically~*~*~ (stealth).
  1142 | D:2      | 1142 ||| Stepping ~*~*~tactically~*~*~ (stealth).
  1143 | D:2      | 1143 ||| Stepping ~*~*~tactically~*~*~ (stealth).
  1383 | D:2      | Reached XP level 4. HP: 28/28 MP: 4/4
  1483 | D:2      | 1483 ||| Stepping ~*~*~tactically~*~*~ (stealth).
  1518 | D:2      | 1518 ||| Stepping ~*~*~tactically~*~*~ (stealth).
  1519 | D:2      | 1519 ||| Stepping ~*~*~tactically~*~*~ (stealth).
  1826 | D:2      | 1826 ||| Stepping ~*~*~tactically~*~*~ (stealth).
  2072 | D:2      | 2072 ||| UPGRADING to +6 ring of strength.
  2073 | D:2      | 2073 ||| READING scroll labelled YNOADE TEUX YNIE.
  2074 | D:2      | 2074 ||| READING scroll labelled XALUAM CUSAL.
  2079 | D:2      | 2079 ||| READING 3 scrolls of identify.
  2079 | D:2      | 2079 ||| IDENTIFYING sapphire potion
  2080 | D:2      | 2080 ||| READING 2 scrolls of identify.
  2080 | D:2      | 2080 ||| IDENTIFYING emerald potion
  2103 | D:3      | Noticed an ice beast
  2104 | D:3      | 2104 ||| STAIRDANCE
  2177 | D:3      | HP: 6/28 [ice beast (6)]
  2178 | D:3      | Killed an ice beast
  2179 | D:3      | Reached XP level 5. HP: 7/32 MP: 5/5
  2179 | D:3      | 2179 ||| STAIRDANCE
  2470 | D:3      | 2470 ||| Stepping ~*~*~tactically~*~*~ (stealth).
  2472 | D:3      | 2472 ||| Stepping ~*~*~tactically~*~*~ (stealth).
  2508 | D:3      | Reached XP level 6. HP: 31/37 MP: 6/6
  2565 | D:3      | 2565 ||| FLEEEEING.
  2566 | D:3      | 2566 ||| FLEEEEING.
  2567 | D:3      | 2567 ||| FLEEEEING.
  2568 | D:3      | 2568 ||| FLEEEEING.
  2569 | D:3      | 2569 ||| FLEEEEING.
  2570 | D:3      | 2570 ||| FLEEEEING.
  2571 | D:3      | 2571 ||| FLEEEEING.
  2572 | D:3      | 2572 ||| FLEEEEING.
  2573 | D:3      | 2573 ||| FLEEEEING.
  2574 | D:3      | 2574 ||| FLEEEEING.
  2575 | D:3      | 2575 ||| FLEEEEING.
  2576 | D:3      | 2576 ||| FLEEEEING.
  2577 | D:3      | 2577 ||| FLEEEEING.
  2578 | D:3      | 2578 ||| FLEEEEING.
  2579 | D:3      | 2579 ||| FLEEEEING.
  2580 | D:3      | 2580 ||| FLEEEEING.
  2582 | D:3      | 2582 ||| FLEEEEING.
  2583 | D:3      | 2583 ||| FLEEEEING.
  2584 | D:3      | 2584 ||| FLEEEEING.
  2585 | D:3      | 2585 ||| FLEEEEING.
  2586 | D:3      | 2586 ||| FLEEEEING.
  2587 | D:3      | 2587 ||| FLEEEEING.
  2588 | D:3      | 2588 ||| FLEEEEING.
  2589 | D:3      | 2589 ||| FLEEEEING.
  2590 | D:3      | 2590 ||| FLEEEEING.
  2591 | D:3      | 2591 ||| FLEEEEING.
  2592 | D:3      | 2592 ||| STAIRDANCE
  2677 | D:2      | 2677 ||| READING 3 scrolls labelled SYASTR EKIOGU.
  2678 | D:2      | 2678 ||| DROPPING 2 scrolls of amnesia.
  2681 | D:3      | 2681 ||| STAIRDANCE
  2715 | D:3      | 2715 ||| STAIRDANCE
  2814 | D:3      | 2814 ||| Stepping ~*~*~tactically~*~*~ (stealth).
  2849 | D:3      | 2849 ||| DROPPING +0 whip.
  2935 | D:3      | Found an opulent altar of Gozag.
  3257 | D:3      | 3257 ||| READING 2 scrolls of identify.
  3257 | D:3      | 3257 ||| IDENTIFYING golden potion
  3286 | D:4      | Noticed Robin
  3286 | D:4      | Found a runed translucent door.
  3287 | D:4      | 3287 ||| Stepping ~*~*~tactically~*~*~ (hiding).
  3288 | D:4      | 3288 ||| Stepping ~*~*~tactically~*~*~ (hiding).
  3289 | D:4      | 3289 ||| STAIRDANCE
  3395 | D:4      | 3395 ||| STAIRDANCE
  3445 | D:4      | 3445 ||| STAIRDANCE
  3558 | D:4      | 3558 ||| STAIRDANCE
  3680 | D:4      | 3680 ||| STAIRDANCE
  3688 | D:4      | 3688 ||| Stepping ~*~*~tactically~*~*~ (hiding).
  3689 | D:4      | 3689 ||| Stepping ~*~*~tactically~*~*~ (hiding).
  3696 | D:4      | Killed Robin
  3875 | D:4      | Noticed Grinder
  3892 | D:4      | Killed Grinder
  3893 | D:4      | Reached XP level 7. HP: 14/44 MP: 7/7
  4105 | D:4      | Noticed Eustachio
  4132 | D:4      | HP: 8/44 [river rat[Eustachio] (5)]
  4133 | D:4      | 4133 ||| READING scroll of teleportation.
  4464 | D:4      | Killed Eustachio
  4732 | D:4      | Reached skill level 6 in Axes
  4786 | D:4      | Noticed qw's ghost (amateur MiBe)
  4797 | D:4      | Identified the +0 robe of the Pits of Slime {Fly Regen+}
  4801 | D:4      | Found a runed translucent door.
  4835 | D:4      | Found Ukydghoc's Assorted Antiques.
  4840 | D:4      | 4840 ||| BUYING potion of curing (60 gold).
  4840 | D:4      | Bought a potion of curing for 60 gold pieces
  4840 | D:4      | 4840 ||| BUYING potion of haste (200 gold).
  4840 | D:4      | Bought a potion of haste for 200 gold pieces
  4840 | D:4      | 4840 ||| SHOPLISTING scroll of identify (40 gold, have 3).
  4840 | D:4      | 4840 ||| SHOPLISTING scroll of teleportation (60 gold, have
                  | 3).
  4883 | D:4      | Found a staircase to the Ecumenical Temple.
  4884 | D:4      | 4884 ||| PLANNING TEMPLE
  4884 | D:4      | 4884 ||| UPGRADING to +0 helmet.
  4889 | D:4      | 4889 ||| READING scroll labelled IKEFITH OPPYSU.
  4890 | D:4      | 4890 ||| READING scroll labelled SUUDIS IFRA.
  4891 | D:4      | 4891 ||| DRINKING 2 silvery potions.
  4892 | D:4      | 4892 ||| DRINKING 2 viscous pink potions.
  4893 | D:4      | 4893 ||| DROPPING potion of flight.
  4894 | D:4      | 4894 ||| DROPPING potion of brilliance.
  4901 | Temple   | Entered the Ecumenical Temple
  4901 | Temple   | Found a transporter.
  4901 | Temple   | Found a transporter.
  4903 | Temple   | Found a transporter.
  4903 | Temple   | Found a transporter.
  4913 | Temple   | 4913 ||| PLANNING D:1-11
  4983 | Temple   | Became a worshipper of Warmaster Okawaru
  5075 | D:5      | Entered Level 5 of the Dungeon
  5116 | D:5      | 5116 ||| Stepping ~*~*~tactically~*~*~ (stealth).
  5117 | D:5      | 5117 ||| Stepping ~*~*~tactically~*~*~ (stealth).
  5118 | D:5      | 5118 ||| Stepping ~*~*~tactically~*~*~ (stealth).
  5119 | D:5      | 5119 ||| Stepping ~*~*~tactically~*~*~ (hiding).
  5120 | D:5      | 5120 ||| Stepping ~*~*~tactically~*~*~ (hiding).
  5122 | D:5      | 5122 ||| Stepping ~*~*~tactically~*~*~ (hiding).
  5123 | D:5      | 5123 ||| Stepping ~*~*~tactically~*~*~ (hiding).
  5136 | D:5      | Reached skill level 6 in Shields
  5136 | D:5      | Reached XP level 8. HP: 33/49 MP: 8/8
  5141 | D:5      | Reached skill level 1 in Dodging
  5204 | D:5      | 5204 ||| FLEEEEING.
  5205 | D:5      | 5205 ||| FLEEEEING.
  5215 | D:5      | Noticed Pikel
  5223 | D:5      | HP: 6/49 [Pikel/+2 whip of electrocution (8)]
  5224 | D:5      | 5224 ||| READING scroll of teleportation.
  5224 | D:5      | Slain by a gnoll

Levels and vault maps discovered:
D:1:      doesnt_arrival_eight_statues, layout_loops_ring,
          shapermc_ecumenical_altar_notcrosses, minmay_surrounded
D:2:      layout_basic, minmay_vboxes
D:3:      layout_rooms, nicolae_gozag_cash_rules_everything_around_me
D:4:      layout_rooms, minmay_temple_entry_metal_lava, ebering_ghost_sewer_f,
          serial_shops, nicolae_shop_hallway_plus, serial_park_tiny_pond,
          hangedman_decor_push, amcnicky_mini_corridor_feature, uniq_robin,
          uniq_eustachio, uniq_grinder
D:5:      layout_basic, uniq_crazy_yiuf_cottage, uniq_pikel
Temple:   hellmonk_temple_divided_pantheon

Skill      XL: |  1  2  3  4  5  6  7  8 |
---------------+-------------------------+-----
Axes           | 2 3 4 5 6 |  6.0
Shields        | 4 5 6 |  6.1
Fighting       | 5 |  5.3
Dodging        | 1 |  1.0
Armour         | |  3.2

Action                   |  1- 3 |  4- 6 |  7- 9 || total
-------------------------+-------+-------+-------++-------
Melee: War axe           |   106 |   178 |   101 ||   385
  Use: Scroll            |     3 |     6 |     4 ||    13
       Potion            |       |       |     2 ||     2
Armor: Scale mail        |    28 |       |       ||    28
       Chain mail        |    26 |   132 |    68 ||   226
Dodge: Dodged            |    43 |    49 |    40 ||   132
Block: Buckler           |    13 |       |       ||    13
       Kite shield       |    21 |    92 |    72 ||   185

Table legend:
 A = Non-vault XP
 B = Vault XP
 C = Vault XP percentage of total XP
 D = Non-vault monster count
 E = Vault monster count
 F = Vault count percentage of total count
                 A         B        C        D         E       F
            +---------+---------+-------+---------+---------+-------
      Total |     755 |     534 |  41.4 |      91 |      24 |  20.9
            +---------+---------+-------+---------+---------+-------
        D:1 |      35 |       4 |  10.3 |      20 |       3 |  13.0
        D:2 |     124 |      36 |  22.5 |      24 |       7 |  22.6
        D:3 |     301 |      21 |   6.5 |      31 |      11 |  26.2
        D:4 |      67 |     473 |  87.6 |       7 |       3 |  30.0
        D:5 |     228 |       0 |   0.0 |       9 |       0 |   0.0
            +---------+---------+-------+---------+---------+-------
